 Dungeon Crawl Stone Soup version 0.31-a0-187-gba352fbbf7 (webtiles) character file.

Game seed: 10041360238469913998

2570 runemasterragnar the Trooper (level 9, -1/71 HPs)
             Began as a Demonspawn Monk on June 22, 2023.
             Was an Elder of Sif Muna.
             Succumbed to their own poison gas
             ... on level 8 of the Dungeon on June 23, 2023.
             The game lasted 00:09:40 (6836 turns).

runemasterragnar the Trooper (Demonspawn Monk)      Turns: 6836, Time: 00:09:41

Health: -1/71      AC: 13    Str: 11    XL:     9   Next: 32%
Magic:  12/15      EV: 14    Int: 16    God:    Sif Muna [****..]
Gold:   281        SH:  0    Dex: 16    Spells: 12/16 levels left

rFire   + . .        g - +4 dagger
rCold   + . .        c - orb {light}
rNeg    + . .        h - +2 robe {rC+}
rPois   .            (no helmet)
rElec   .            f - +1 cloak
rCorr   +            l - +0 pair of gloves
SInv    .            (no boots)
Will    .....        (no amulet)
Stlth   +            s - ring of positive energy
HPRegen 0.31/turn    v - ring of resist corrosion
MPRegen 0.14/turn

%: no passive effects
@: lethally poisoned (-1 -> -45), sanguine armoured, very slightly contaminated,
hasted, glowing, very quick
A: hooves 2, ignite blood 2, sanguine armour 1, demonic magic 1, fire resistance
1, sense surroundings 1
a: Renounce Religion, Channel Magic, Forget Spell, Divine Exegesis


You were on level 8 of the Dungeon.
You worshipped Sif Muna.
Sif Muna was greatly pleased with you.
You visited 1 branch of the dungeon, and saw 8 of its levels.

You collected 281 gold pieces.

Inventory:

Hand Weapons
 g - a +4 dagger (weapon)
Missiles
 m - 6 datura-tipped darts
 w - 2 javelins
Armour
 a - a +0 robe
 b - a +0 cloak
 c - an orb of light (worn)
 f - a +1 cloak (worn)
 h - a +2 robe of cold resistance (worn)
 l - a +0 pair of gloves (worn)
 I - +0 steam dragon scales
Magical Staves
 r - a staff of cold
Jewellery
 e - an amulet of guardian spirit
 s - a ring of positive energy (left hand)
 v - a ring of resist corrosion (right hand)
 y - an amulet of magic regeneration
 E - a +6 ring of strength
Wands
 t - a wand of flame (32)
 D - a wand of roots (10)
 F - a wand of digging (3)
Scrolls
 i - a scroll of noise
 j - 4 scrolls of identify
 k - a scroll of fear {unknown}
 n - a scroll of fog
 o - a scroll of teleportation
 p - 2 scrolls of blinking
Potions
 d - 2 potions of magic
 z - a potion of enlightenment
 A - a potion of cancellation


   Skills:
 + Level 6.9 Fighting
 + Level 4.1 Dodging
 + Level 3.1 Stealth
 - Level 3.9 Unarmed Combat
 * Level 4.3 Spellcasting
 * Level 4.7 Conjurations
 * Level 4.3 Fire Magic
 + Level 4.3 Invocations


You had 12 spell levels left.
You knew the following spells:

 Your Spells              Type           Power      Damage    Failure   Level
a - Foxfire               Conj/Fire      72%        2x1d7     2%          1
b - Volatile Blastmotes   Fire/Tloc      20%        2d11      21%         3

Your spell library contained the following spells:

 Spells                   Type           Power      Damage    Failure   Level
 Slow                     Hex            12%        N/A       16%         1
 Dazzling Flash           Conj/Hex       22%        N/A       19%         3
 Confusing Touch          Hex            3%         N/A       43%         3
 Vampiric Draining        Necr           3%         2d6       43%         3
 Iskenderun's Mystic Bla  Conj/Tloc      11%        2d4       52%         4
 Fireball                 Conj/Fire      9%         3d6       56%         5
 Animate Armour           Summ/Erth      6%         N/A       85%         4
 Passage of Golubria      Tloc           3%         N/A       85%         4
 Summon Lightning Spire   Summ/Air       3%         N/A       85%         4
 Starburst                Conj/Fire      9%         6d5       98%         6
 Blade Hands              Tmut           1%         N/A       99%         5
 Silence                  Hex/Air        1%         N/A       99%         5
 Plasma Beam              Fire/Air       5%         2x1d15    100%        6
 Lehudib's Crystal Spear  Conj/Erth      5%         10d3      100%        8


Dungeon Overview and Level Annotations

Branches:
Dungeon (8/15)             Temple (0/1) D:6
   Lair: D:8-11

Altars:
Dithmenos
Makhleb
Qazlal
Sif Muna
Yredelemnul

Shops:
D:7 *


Innate Abilities, Weirdness & Mutations

You have hoof-like feet.
Your demonic aura often causes spilled blood to erupt in flames.
When seriously injured, your blood forms armour. (AC +6)
Spells you cast may paralyse adjacent enemies.
Your flesh is heat resistant. (rF+)
You passively map a small area around you.


Message History

Nothing appears to happen.
You feel sick.
You are no longer poisoned.
The killer bee barely misses you.
The killer bee stings you but does no damage.
Really read the scroll of poison?
Okay, then.
Unknown command.
Unknown command.
Really read the scroll of poison?
The air fills with toxic fumes!
As you read the scroll of poison, it crumbles to dust.
The killer bee stings you but does no damage. x2
Unknown command.
Really walk into that cloud of poison gas? [Y]es or [N]o only, please.
Really walk into that cloud of poison gas?
The killer bee attacks as you move away!
The killer bee barely misses you.
You are engulfed in poison gas.
You are poisoned.
You feel very sick.
The killer bee stings you but does no damage.
You are engulfed in poison gas.
You are lethally poisoned!
* * * LOW HITPOINT WARNING * * *
You feel very sick.
You feel better.
You are engulfed in poison gas.
You are poisoned.
* * * LOW HITPOINT WARNING * * *
You feel very sick.
Unknown command.
Okay, then.
Okay, then.
It was a potion of haste.
You feel yourself speed up.
You are engulfed in poison gas.
You are lethally poisoned!
* * * LOW HITPOINT WARNING * * *
x2 You feel extremely sick.
You are engulfed in poison gas.
You are more poisoned.
* * * LOW HITPOINT WARNING * * *
You die...

#################
#.†...........§§#
#.#############§#
#.# #§# ##.# #@#
...# #§# #### #§#
#y# #y# #y# #.#
#§# #y#


You could see 3 killer bees.

Vanquished Creatures
  Sigmund (D:3)
  A shadow (D:7)
  A steam dragon (D:7)
  2 water moccasins (D:6)
  Duvessa (D:5)
  A sky beast (D:6)
  2 orc warriors
  3 ice beasts
  A black bear (D:5)
  2 ogres (D:5)
  A phantom (D:5)
  A bullfrog (D:8)
  3 scorpions
  Dowan (D:5)
  2 killer bees (D:8)
  Crazy Yiuf (D:7)
  3 orc priests
  3 hounds
  5 orc wizards
  4 gnolls (D:7)
  6 adders
  A white imp (D:5)
  3 ufetubi
  2 dart slugs
  21 orcs
  4 bats
  5 endoplasms
  A giant cockroach (D:2)
  9 goblins
  11 hobgoblins
  3 jackals (D:5)
  4 kobolds
  3 quokkas
  5 ball pythons
  5 frilled lizards
  3 rats
  A spectral hobgoblin (D:3)
126 creatures vanquished.

Vanquished Creatures (others)
  85 foxfires
85 creatures vanquished.

Grand Total: 211 creatures vanquished

Notes
Turn   | Place    | Note
-------+----------+-------------------------------------------
     0 | D:1      | runemasterragnar the Demonspawn Monk began the quest for
                  | the Orb.
     0 | D:1      | Reached XP level 1. HP: 18/18 MP: 1/1
   268 | D:1      | Gained mutation: Your demonic aura sometimes causes spilled
                  | blood to erupt in flames. [demonic ancestry]
   268 | D:1      | Reached XP level 2. HP: 24/24 MP: 2/2
   495 | D:1      | Reached skill level 4 in Fighting
   630 | D:2      | You fall into a shaft and drop 1 floor!
   664 | D:3      | Gained mutation: When seriously injured, your blood forms
                  | armour. (AC +6) [demonic ancestry]
   664 | D:3      | Reached XP level 3. HP: 30/30 MP: 3/3
   766 | D:2      | Gained mutation: You have large cloven feet. [demonic
                  | ancestry]
   766 | D:2      | Reached XP level 4. HP: 30/38 MP: 4/4
   771 | D:2      | Reached skill level 5 in Fighting
  1172 | D:3      | Noticed Sigmund
  1205 | D:3      | Killed Sigmund
  1206 | D:3      | Reached XP level 5. HP: 46/46 MP: 5/5
  1356 | D:3      | Found a faded altar of an unknown god.
  1373 | D:3      | Prayed at the altar of an unknown god.
  1373 | D:3      | Became a worshipper of Sif Muna the Loreminder
  1373 | D:3      | Reached * piety under Sif Muna
  1373 | D:3      | Reached ** piety under Sif Muna
  1389 | D:3      | Learned a level 1 spell: Foxfire
  1456 | D:3      | Gained mutation: You have hoof-like feet. [demonic
                  | ancestry]
  1456 | D:3      | Reached XP level 6. HP: 52/52 MP: 6/6
  1476 | D:3      | Reached skill level 6 in Fighting
  1616 | D:3      | Reached *** piety under Sif Muna
  1718 | D:3      | Found a basalt altar of Yredelemnul.
  1718 | D:3      | Found a faded altar of an unknown god.
  1725 | D:3      | Found a faded altar of an unknown god.
  1729 | D:3      | Found a stormy altar of Qazlal.
  2390 | D:4      | Noticed an orc warrior
  2408 | D:4      | Killed an orc warrior
  2409 | D:4      | Reached skill level 1 in Conjurations
  2409 | D:4      | Reached skill level 1 in Fire Magic
  2411 | D:4      | Reached skill level 1 in Spellcasting
  2411 | D:4      | Reached skill level 1 in Invocations
  2834 | D:5      | Entered Level 5 of the Dungeon
  2842 | D:5      | Reached skill level 1 in Stealth
  2842 | D:5      | Gained mutation: Your demonic aura often causes spilled
                  | blood to erupt in flames. [demonic ancestry]
  2842 | D:5      | Reached XP level 7. HP: 44/58 MP: 7/9
  3551 | D:5      | Noticed Dowan
  3552 | D:5      | Noticed Duvessa
  3567 | D:5      | Killed Duvessa
  3591 | D:6      | Gained mutation: Spells you cast may paralyse adjacent
                  | enemies. [demonic ancestry]
  3591 | D:6      | Reached XP level 8. HP: 22/65 MP: 10/12
  3679 | D:5      | Killed Dowan
  4182 | D:6      | Found a staircase to the Ecumenical Temple.
  4541 | D:6      | Found a shadowy altar of Dithmenos.
  5080 | D:6      | Found a burning altar of Makhleb.
  5436 | D:7      | Found Ecwiul's Neck Hole.
  5487 | D:7      | Reached XP level 9. HP: 65/71 MP: 12/14
  5665 | D:7      | Reached **** piety under Sif Muna
  5681 | D:7      | Learned a level 3 spell: Volatile Blastmotes
  6166 | D:7      | Found a runed translucent door.
  6167 | D:7      | Noticed Crazy Yiuf
  6416 | D:7      | Gained mutation: You occasionally shout uncontrollably at
                  | your foes. [potion of mutation]
  6416 | D:7      | Gained mutation: Your spells are a little harder to cast,
                  | but a little more powerful. [potion of mutation]
  6417 | D:7      | Lost mutation: Your spells are a little harder to cast, but
                  | a little more powerful. [potion of mutation]
  6417 | D:7      | Lost mutation: You occasionally shout uncontrollably at
                  | your foes. [potion of mutation]
  6417 | D:7      | Gained mutation: You occasionally lose the ability to drink
                  | potions when taking damage. [potion of mutation]
  6418 | D:7      | Lost mutation: You occasionally lose the ability to drink
                  | potions when taking damage. [potion of mutation]
  6418 | D:7      | Gained mutation: You passively map a small area around you.
                  | [potion of mutation]
  6418 | D:7      | Gained mutation: Your flesh is heat resistant. (rF+)
                  | [potion of mutation]
  6421 | D:7      | Killed Crazy Yiuf
  6428 | D:7      | Identified the +4 hammer "Uplev" {holy, rF+ Str+3}
  6836 | D:8      | Succumbed to their own poison gas

Illustrated notes

Levels and vault maps discovered:
D:1:      minmay_arrival_nine_rooms, layout_rooms, chequers_garden
D:2:      layout_rooms
D:3:      layout_basic, chequers_temple_overflow_minitemple,
          dreamdust_ecumenical_altar_drowned_temple, uniq_sigmund
D:4:      layout_gridville, minivault_24, grunt_decor_clamped,
          serial_bayou_pond_d, palyth_stone_intersect
D:5:      layout_basic, uniq_duvessa
D:6:      layout_basic, mainiacjoe_overflow_concentric_impassable,
          lightli_temple_of_fire, minmay_temple_entry_waves
D:7:      layout_basic, nicolae_shop_sticking_my_neck_out,
          uniq_crazy_yiuf_cottage
D:8:      gammafunk_corrupted_shrine, layout_loops_ring,
          chequers_ossuary_entry_cave, serial_aquarium,
          aquarium_bridge_long_joined [aquarium_subvault_wall,
          aquarium_subvault_wall, aquarium_subvault_bridge,
          aquarium_subvault_window, aquarium_subvault_bridge,
          aquarium_subvault_wall], aquarium_bridge_straight
          [aquarium_subvault_bridge, aquarium_subvault_window,
          aquarium_subvault_bridge, aquarium_subvault_window],
          aquarium_window_corner, aquarium_window_1, aquarium_view_2e

Skill      XL: |  1  2  3  4  5  6  7  8  9 |
---------------+----------------------------+-----
Fighting       | 4 5 6 |  6.9
Unarmed Combat | 3 |  3.9
Conjurations   | 1 2 4 |  4.7
Fire Magic     | 1 2 3 4 |  4.3
Spellcasting   | 1 2 3 4 |  4.3
Invocations    | 1 2 3 4 |  4.3
Stealth        | 1 2 3 |  3.1
Dodging        | 3 4 |  4.1

Action                     |  1- 3 |  4- 6 |  7- 9 || total
---------------------------+-------+-------+-------++-------
  Melee: Unarmed           |    24 |     7 |       ||    31
         Dagger            |    57 |   109 |   190 ||   356
         Kick              |       |    43 |    86 ||   129
   Cast: Foxfire           |       |       |    48 ||    48
    Use: Potion            |       |     8 |     7 ||    15
         Scroll            |       |       |    11 ||    11
   Stab: Paralysed         |       |       |     7 ||     7
 Armour: Robe              |    26 |    27 |    90 ||   143
         Skin              |       |     5 |       ||     5
  Dodge: Dodged            |    48 |    53 |   161 ||   262

Table legend: (Time is in decaauts)
 A = Elapsed time spent in this place.
 B = Non-inter-level travel time spent in this place.
 C = Inter-level travel time spent in this place.
 D = Time resting spent in this place.
 E = Time spent auto-exploring this place.
 F = Levels seen in this place.
 G = Mean time per level.
                   A        B        C        D        E       F      G
               +--------+--------+--------+--------+--------+-----+--------+
         Total |   6843 |   6543 |    300 |    109 |   5391 |   8 |  855.4 |
       Dungeon |   6843 |   6543 |    300 |    109 |   5391 |   8 |  855.4 |
               +--------+--------+--------+--------+--------+-----+--------+

Top non-repeatable levels by time:
     D:7: 1386 daAuts
     D:5: 1254 daAuts
     D:6: 1039 daAuts
     D:3: 899 daAuts
     D:4: 874 daAuts
     D:1: 553 daAuts
     D:2: 515 daAuts
     D:8: 319 daAuts
